 Dungeon Crawl Stone Soup version 0.18-a0-775-g4d9e04e (webtiles) character file.

784 4thArraOfDagon the Cleaver (level 7, -1/90 HPs)
             Began as a Hill Orc Berserker on Dec 13, 2015.
             Was a Priest of Trog.
             Slain by Pikel
             ... wielding a +1 whip of electrocution
              (5 damage)
             ... on level 5 of the Dungeon.
             The game lasted 00:07:26 (1360 turns).

4thArraOfDagon the Cleaver (Hill Orc Berserker)     Turns: 1360, Time: 00:07:26

Health: -1/90      AC:  2    Str: 27    XL:     7   Next: 86%
Magic:  7/7        EV: 12    Int:  7    God:    Trog [***...]
Gold:   70         SH:  0    Dex: 10    Spells: 0 memorised, 6 levels left

rFire  + . .     SeeInvis .     n - +0 battleaxe
rCold  . . .     Clarity  .     b - +0 animal skin
rNeg   . . .     SustAt   .     (shield currently unavailable)
rPois  .         Gourm    .     (no helmet)
rElec  .         Spirit   .     (no cloak)
rCorr  .         Dismiss  .     (no gloves)
rMut   .         Stasis   .     (no boots)
MR     +++..                    (no amulet)
Stlth  ..........               g - ring of protection from magic
                                f - ring of protection from fire

@: berserking, very slightly contaminated, regenerating, very quick, extremely
resistant to hostile enchantments, extremely unstealthy
A: no striking features
a: Berserk, Trog's Hand, Burn Spellbooks, Renounce Religion


You were on level 5 of the Dungeon.
You worshipped Trog.
Trog was most pleased with you.
You were not hungry.

You visited 1 branch of the dungeon, and saw 5 of its levels.
You also visited: Sewer.

You collected 70 gold pieces.

Inventory:

Hand Weapons
 a - a +0 hand axe
 n - a +0 battleaxe (weapon)
Armour
 b - a +0 animal skin (worn)
Jewellery
 f - a ring of protection from fire (left hand)
 g - a ring of protection from magic (right hand)
 s - an uncursed ring of fire
Scrolls
 k - 3 scrolls of teleportation
 t - a scroll of remove curse
Potions
 d - a potion of cure mutation {unknown}
 e - a potion of agility
 j - a potion of resistance
 l - a potion of curing
 m - a potion of flight
 r - a potion of magic {unknown}
Comestibles
 c - 2 bread rations
 h - a beef jerky
 i - a chunk of flesh
 o - a meat ration


   Skills:
 - Level 4.3 Fighting
 * Level 9.7 Axes
 + Level 5.5 Armour
 - Level 1.5 Dodging


You had 6 spell levels left.
You didn't know any spells.

Dungeon Overview and Level Annotations

Branches:
Dungeon (5/15)             Temple (0/1) D:4

Altars:
Vehumet

Annotations:
D:4 Sigmund
D:5 Pikel


Message History

The slave hits you but does no damage.
Pikel hits you with a whip of electrocution.
* * * LOW HITPOINT WARNING * * *
You are electrocuted!
* * * LOW HITPOINT WARNING * * *
You barely miss Pikel.
Pikel is almost dead.
You hit the slave.
The slave is moderately wounded.
You slash the slave!
You kill the slave!
That felt strangely unrewarding.
You barely miss the orc wizard. You hit the slave.
The slave is heavily wounded.
The orc wizard misses you. The slave hits you.
* * * LOW HITPOINT WARNING * * *
The slave hits you.
* * * LOW HITPOINT WARNING * * *
Pikel hits you with a whip of electrocution.
You die...

###.......>.......8...8##
######...#####........#
#...# #........#
#...#####.......#.# #
#.?................
......###.......#.#
.#?......#p.......#.
#.#.......#Kp......# #
#.##....p@[8...8##
........†)o..8...#
...............#
........[......#
.#.....?......#.
#...........#.#
#..........#.#.
##........#.##


You could see Pikel, 3 slaves and an orc wizard.

Vanquished Creatures
  Menkaure (D:4)
  An ice beast (D:5)
  A slave (D:5)
  An ogre (D:4)
  2 giant frogs (Sewer)
  A scorpion (D:4)
  A crimson imp (D:5)
  2 orc wizards
  An iguana (D:4)
  5 adders
  A river rat (D:3)
  13 oozes (Sewer)
  A worm (D:3)
  10 giant geckos
  7 orcs
  9 ball pythons (Sewer)
  10 giant cockroaches
  2 goblins (D:1)
  6 hobgoblins
  4 jackals (D:3)
  3 kobolds
  2 quokkas
  6 bats
  11 giant newts
  7 rats
108 creatures vanquished.

Vanquished Creatures (others)
  A rat (D:2)
1 creature vanquished.

Grand Total: 109 creatures vanquished

Notes
Turn   | Place    | Note
--------------------------------------------------------------
     0 | D:1      | 4thArraOfDagon the Hill Orc Berserker began the quest for the Orb.
     0 | D:1      | Reached XP level 1. HP: 19/19 MP: 1/1
   100 | D:1      | Reached XP level 2. HP: 10/27 MP: 2/2
   273 | D:2      | Reached XP level 3. HP: 12/33 MP: 3/3
   284 | D:2      | Found a radiant altar of Vehumet.
   298 | D:2      | Reached ** piety under Trog
   354 | D:3      | Reached skill level 5 in Axes
   354 | D:3      | Reached XP level 4. HP: 19/41 MP: 4/4
   700 | D:3      | Found a glowing drain.
   704 | Sewer    | Entered a sewer
   736 | Sewer    | Reached skill level 6 in Axes
   736 | Sewer    | Reached XP level 5. HP: 36/47 MP: 5/5
   839 | Sewer    | Reached *** piety under Trog
   994 | Sewer    | Reached skill level 7 in Axes
   994 | Sewer    | Reached XP level 6. HP: 43/53 MP: 6/6
  1014 | Sewer    | HP: 2/79 [giant frog (7)]
  1134 | D:4      | Found a staircase to the Ecumenical Temple.
  1186 | D:4      | Reached skill level 8 in Axes
  1186 | D:4      | Reached XP level 7. HP: 31/60 MP: 7/7
  1215 | D:4      | Noticed Menkaure
  1236 | D:4      | Killed Menkaure
  1236 | D:4      | Reached skill level 9 in Axes
  1236 | D:4      | Reached skill level 5 in Armour
  1258 | D:4      | Noticed Sigmund
  1274 | D:5      | Entered Level 5 of the Dungeon
  1335 | D:5      | Noticed Pikel
  1360 | D:5      | HP: 4/90 [slave[Pikel] (3)]
  1360 | D:5      | Slain by Pikel

Vault maps used:
D:1:      saegor_arrival_simple_e, serial_corexii_hall, corexii_hall_statues_i,
          corexii_hall_statues_x, corexii_hall_statues_x,
          corexii_hall_statues_t, hangedman_decor_riveting, minmay_fountain_box
D:2:      fiery_altar_vehumet
D:3:      gup_sewer_entry_spiral
D:4:      minmay_temple_entry_overgrown, first_bread,
          hangedman_abyss_or_decor_lesser_grid, uniq_sigmund, uniq_menkaure
D:5:      wad_pebble_path, enter_ossuary_2, serial_shops, shop_statue,
          uniq_pikel
Sewer:    sewer_frog_island_02

Action                   |  1- 3 |  4- 6 |  7- 9 || total
-------------------------+-------+-------+-------++-------
Melee: Hand axe          |    64 |       |       ||    64
       Battleaxe         |       |   202 |    24 ||   226
Invok: Berserk           |     4 |     5 |     3 ||    12
       Trog's Hand       |       |     4 |     5 ||     9
  Use: Scroll            |       |     5 |     3 ||     8
       Potion            |       |       |     1 ||     1
  Eat: Chunk             |     1 |     9 |     5 ||    15
